 Dungeon Crawl Stone Soup version 0.25.0-9-g26727b657a (webtiles) character file.

Game seed: 16985612248996043137

2068 lepoulpe303 the Changer (level 9, -1/60 (64) HPs)
             Began as a Merfolk Venom Mage on June 18, 2020.
             Splashed by a jelly's acid (8 damage)
             ... on level 7 of the Dungeon.
             The game lasted 00:35:17 (8803 turns).

lepoulpe303 the Changer (Merfolk Venom Mage)        Turns: 8803, Time: 00:35:18

HP:   -1/60 (64)    AC: -3    Str: 10    XL:     9   Next: 26%
MP:   8/16          EV: 16    Int: 16    God:
Gold: 280           SH:  0    Dex: 14    Spells: 2/17 levels left

rFire    . . .     SeeInvis .   a - +0 dagger (venom)
rCold    . . .     Gourm    .   (no shield)
rNeg     . . .     Faith    .   c - +0 robe
rPois    .         Spirit   .   (no helmet)
rElec    .         Reflect  .   s - +2 cloak {MR+} {MR+}
rCorr    .         Harm     .   (no gloves)
MR       +....                  (no boots)
Stlth    +++.......             (no amulet)
HPRegen  0.20/turn              (no ring)
MPRegen  0.15/turn              (no ring)

@: lethally poisoned (-1 -> -1), corroded
A: change form in water, swift swim, stealthy swim
a: no special abilities


You were on level 7 of the Dungeon.
You were not hungry.

You visited 1 branch of the dungeon, and saw 7 of its levels.

You collected 280 gold pieces.

Inventory:

Hand Weapons
 a - a +0 dagger of venom (weapon)
 b - a +0 rapier
Missiles
 h - 20 poisoned darts (quivered)
 k - 7 javelins
Armour
 c - a +0 robe (worn)
 s - a +2 cloak of magic resistance (worn) {MR+}
Jewellery
 m - an uncursed ring of fire {rF+, rC-}
 z - an uncursed amulet of regeneration {unknown}
Wands
 D - a wand of digging (6)
Scrolls
 f - a scroll of enchant armour {unknown}
 g - 3 scrolls of fear
 i - 2 scrolls of identify
 j - 2 scrolls of teleportation {unknown}
 r - 2 scrolls of random uselessness {unknown}
 t - a scroll of noise {unknown}
 u - 4 scrolls of magic mapping {!r}
 v - a scroll of blinking {unknown}
 x - a scroll of amnesia {unknown}
 y - a scroll of immolation {unknown}
Potions
 d - 2 potions of might
 l - a potion of brilliance
 n - 3 potions of stabbing
 o - 3 potions of flight
 p - a potion of magic
 q - a potion of curing
Comestibles
 e - 11 rations
 w - 6 chunks of flesh


   Skills:
 + Level 3.5 Fighting
 + Level 3.5 Short Blades
 * Level 6.4 Dodging
 + Level 4.6 Stealth
 * Level 4.8 Spellcasting
 + Level 1.1 Hexes
 * Level 6.5 Transmutations
 + Level 2.5 Air Magic
 * Level 6.2 Poison Magic


You had 2 spell levels left.
You knew the following spells:

 Your Spells              Type           Power        Failure   Level  Hunger
a - Sting                 Tmut/Pois      ###.         1%          1    None
b - Poisonous Vapours     Pois/Air       ###...       3%          2    ##.....
c - Ignite Poison         Fire/Tmut/Pois ###.....     9%          3    ###....
d - Olgreb's Toxic Radia  Pois           ###.....     12%         4    ####...
s - Slow                  Hex            #.......     14%         2    ##.....
x - Mephitic Cloud        Conj/Pois/Air  ##......     14%         3    ###....

Your spell library contained the following spells:

 Spells                   Type           Power        Failure   Level  Hunger
 Magic Dart               Conj           #...         16%         1    None
 Blink                    Tloc           N/A          24%         2    ##.....
 Call Imp                 Summ           #.......     24%         2    ##.....
 Conjure Flame            Conj/Fire      #.......     43%         3    ###....


Dungeon Overview and Level Annotations

Branches:
Dungeon (7/15)
 Temple: D:4-7

Altars:
Ashenzari
Gozag
Makhleb
Nemelex Xobeh
Okawaru
Ru
Sif Muna
Trog

Annotations:
D:5 3 runed translucent doors, EnegeticOcto's ghost, amateur MiFi


Message History

You take 10 damage, and have 12/60 hp.
You now have 11/16 mp.
Aim: a jelly (heavily wounded)
The sting hits the jelly.
The jelly partially resists.
The jelly is poisoned.
The orc throws a boomerang.
The boomerang barely misses you.
The weapon returns to the orc!
The jelly misses you.
Some of the chunks of flesh in your inventory have rotted away.
You now have 10/16 mp.
Aim: a jelly (heavily wounded, poisoned)
The sting hits the jelly.
The jelly looks even sicker.
You feel sick.
The orc throws a boomerang.
The boomerang closely misses you.
The weapon returns to the orc!
The jelly closely misses you.
You take 1 damage, and have 11/60 hp.
You now have 9/16 mp.
Aim: a jelly (severely wounded, very poisoned)
The sting hits the jelly.
The jelly looks even sicker.
The orc throws a boomerang.
The boomerang hits you.
* * * LOW HITPOINT WARNING * * *
The weapon returns to the orc!
The jelly hits you.
* * * LOW HITPOINT WARNING * * *
The acid corrodes you!
You are splashed with acid!
You die...

# # ####.######..#
.......y..y..# #.#
###########o######
###.....J@..†........
#.#
........#####..#####.
#.# ###.###.## #..#
#.# #..# #..# #(#
##.####.... #(.
##......... #†#
#..._...J### #.#
##._......# #.#
##.........#


You could see a jelly (very poisoned) and an orc.

Levels and vault maps discovered:
D:1:      dpeg_arrival_long_road, layout_loops_ring, minmay_misc_feat_doors
D:2:      layout_basic
D:3:      layout_rooms, uniq_crazy_yiuf_cottage
D:4:      layout_basic, nicolae_ru_the_path_less_chosen, minmay_misc_feat_x
D:5:      minmay_razor_zed, layout_loops_corners,
          nicolae_overflow_crystal_walls, ebering_ghost_gozag, first_ration,
          st_stairs_11, uniq_blork_the_orc, uniq_edmund, uniq_eustachio
D:6:      layout_gridville
D:7:      layout_loops_ring, grunt_temple_overflow_open, old_standard_altar,
          minmay_temple_entry_antechambers

Notes
Turn   | Place    | Note
-------+----------+-------------------------------------------
     0 | D:1      | lepoulpe303 the Merfolk Venom Mage began the quest for the
                  | Orb.
     0 | D:1      | Reached XP level 1. HP: 13/13 MP: 3/3
    81 | D:1      | Identified a +0 club
   252 | D:1      | Identified a +0 dagger of venom
   256 | D:1      | Reached XP level 2. HP: 19/19 MP: 3/5
   267 | D:1      | Identified a +0 dagger
   372 | D:1      | Identified a +0 spear
   395 | D:1      | Reached skill level 2 in Transmutations
   395 | D:1      | Reached XP level 3. HP: 25/25 MP: 1/6
   471 | D:1      | Reached skill level 3 in Dodging
   663 | D:1      | Identified a +0 club
   667 | D:1      | Learned a level 2 spell: Poisonous Vapours
   676 | D:1      | Identified a +0 robe
   990 | D:2      | Identified a +0 short sword
  1083 | D:2      | Identified a +0 club
  1104 | D:2      | Identified a +0 flail
  1108 | D:2      | Identified a +0 whip
  1133 | D:2      | Reached XP level 4. HP: 27/31 MP: 7/7
  1141 | D:2      | Learned a level 3 spell: Ignite Poison
  1151 | D:2      | Reached skill level 3 in Transmutations
  1207 | D:2      | Identified a +0 club
  1233 | D:2      | Identified a +0 dagger
  1234 | D:2      | Identified a +0 dagger
  1317 | D:2      | Reached skill level 1 in Fighting
  1332 | D:2      | HP: 8/32 [poisoned by an adder]
  1339 | D:2      | HP: 7/32 [poisoned by an adder]
  1347 | D:2      | HP: 5/32 [poisoned by an adder]
  1931 | D:2      | Identified a +0 club
  2093 | D:3      | Identified a +0 dagger
  2123 | D:3      | Identified a +0 club
  2293 | D:3      | Identified a +0 whip
  2293 | D:3      | Identified a cursed -2 robe
  2296 | D:3      | Identified a +0 club
  2296 | D:3      | Identified a +0 leather armour
  2305 | D:3      | Reached skill level 4 in Poison Magic
  2310 | D:3      | Reached XP level 5. HP: 32/37 MP: 9/9
  2315 | D:3      | Learned a level 3 spell: Mephitic Cloud
  2477 | D:3      | Identified a +0 dagger
  2477 | D:3      | Identified a +0 ring mail
  2627 | D:3      | Found a runed translucent door.
  2628 | D:3      | Identified a +3 quarterstaff of chaos
  2628 | D:3      | Identified a +2 cloak of magic resistance
  2628 | D:3      | Noticed Crazy Yiuf
  2633 | D:3      | Paralysed by Crazy Yiuf for 3 turns
  2636 | D:3      | Identified 3 potions of flight
  2637 | D:3      | Identified 3 potions of stabbing
  2638 | D:3      | Identified 4 potions of curing
  2644 | D:3      | Killed Crazy Yiuf
  2923 | D:4      | Reached skill level 1 in Short Blades
  2923 | D:4      | Reached skill level 3 in Stealth
  3468 | D:4      | Noticed a water moccasin
  3488 | D:4      | HP: 5/37 [water moccasin (10)]
  3493 | D:4      | HP: 2/37 [water moccasin (3)]
  3495 | D:4      | Identified 2 potions of brilliance
  3496 | D:4      | Identified a potion of lignification
  3498 | D:4      | HP: 2/55 [water moccasin (5)]
  3500 | D:4      | Killed a water moccasin
  3500 | D:4      | Reached skill level 3 in Spellcasting
  3500 | D:4      | Reached XP level 6. HP: 3/44 MP: 6/10
  3950 | D:4      | Reached skill level 4 in Transmutations
  3992 | D:4      | Found a sacrificial altar of Ru.
  4338 | D:4      | lepoulpe303: !whichgod mfvm
  4338 | D:4      | lepoulpe303: ??sigmund
  4379 | D:5      | Entered Level 5 of the Dungeon
  4380 | D:5      | Identified a +2 flail of protection
  4380 | D:5      | Identified a +0 scale mail
  4380 | D:5      | Noticed Edmund
  4410 | D:4      | Killed Edmund
  4410 | D:4      | Reached skill level 2 in Fighting
  4410 | D:4      | Reached skill level 4 in Dodging
  4410 | D:4      | Reached skill level 1 in Air Magic
  4410 | D:4      | Reached XP level 7. HP: 34/50 MP: 0/12
  4553 | D:5      | Identified a +0 hand axe
  4595 | D:5      | HP: 12/50 [poisoned by an adder]
  4596 | D:5      | HP: 1/50 [shadow imp/nerve-wracking pain (11)]
  4597 | D:5      | Identified a potion of degeneration
  4598 | D:5      | Identified a potion of berserk rage
  5089 | D:5      | Found a runed translucent gate.
  5089 | D:5      | Found a runed translucent gate.
  5089 | D:5      | Found a runed translucent gate.
  5089 | D:5      | Found an opulent altar of Gozag.
  5089 | D:5      | Noticed EnegeticOcto's ghost (amateur MiFi)
  5089 | D:5      | Identified a +0 mace
  5179 | D:5      | Identified a +0 hand axe
  5179 | D:5      | Identified a +0 robe
  5179 | D:5      | Noticed Blork the orc
  5188 | D:5      | Killed Blork the orc
  5188 | D:5      | Reached skill level 2 in Short Blades
  5415 | D:5      | Found a burning altar of Makhleb.
  5516 | D:5      | Identified a +0 rapier
  5516 | D:5      | Identified a +0 leather armour
  5516 | D:5      | Noticed Eustachio
  5534 | D:5      | Killed Eustachio
  5534 | D:5      | Reached skill level 5 in Poison Magic
  5599 | D:5      | Identified a +0 club
  5704 | D:5      | Identified a +0 club
  5704 | D:5      | Identified a +0 leather armour
  5755 | D:5      | Reached skill level 5 in Transmutations
  5755 | D:5      | Reached XP level 8. HP: 57/57 MP: 13/13
  5781 | D:5      | Learned a level 4 spell: Olgreb's Toxic Radiance
  5981 | D:5      | Reached skill level 5 in Dodging
  6144 | D:5      | Identified a +0 club
  6408 | D:5      | Reached skill level 4 in Stealth
  6408 | D:5      | Reached skill level 4 in Spellcasting
  6930 | D:6      | Identified a +0 shortbow
  7188 | D:6      | Identified a +0 flail
  7189 | D:6      | Identified a +0 club
  7217 | D:6      | Identified a +0 giant spiked club
  7235 | D:6      | Reached skill level 3 in Fighting
  7235 | D:6      | Reached skill level 2 in Air Magic
  7243 | D:6      | Identified a +0 hand axe
  7246 | D:6      | Reached skill level 3 in Short Blades
  7257 | D:6      | Identified a +0 war axe
  7289 | D:6      | Identified a +0 dagger
  7289 | D:6      | Identified a +0 robe
  7289 | D:6      | Identified a +0 dagger
  7289 | D:6      | Identified a +0 robe
  7318 | D:6      | Identified a +0 whip
  7528 | D:6      | Learned a level 2 spell: Slow
  7807 | D:6      | Reached skill level 6 in Dodging
  7807 | D:6      | Reached skill level 6 in Transmutations
  8048 | D:6      | Identified 5 scrolls of identify
  8048 | D:6      | Identified a ring of fire (You found it on level 2 of the
                  | Dungeon)
  8051 | D:6      | Identified 5 scrolls of magic mapping
  8052 | D:6      | Identified 4 scrolls of fear
  8053 | D:6      | Identified 2 potions of might
  8054 | D:6      | Identified a potion of magic
  8063 | D:6      | Identified a +0 dagger
  8265 | D:7      | Reached skill level 6 in Poison Magic
  8265 | D:7      | Reached XP level 9. HP: 38/60 MP: 15/15
  8534 | D:7      | Identified a +0 giant club
  8536 | D:7      | Identified a +1 dagger of venom
  8540 | D:7      | Identified a +0 dagger
  8565 | D:7      | Found a sparkling altar of Nemelex Xobeh.
  8565 | D:7      | Found a shimmering blue altar of Sif Muna.
  8565 | D:7      | Found an iron altar of Okawaru.
  8575 | D:7      | Found an opulent altar of Gozag.
  8575 | D:7      | Found a shattered altar of Ashenzari.
  8575 | D:7      | Found a bloodstained altar of Trog.
  8575 | D:7      | Identified a +0 dagger
  8576 | D:7      | Identified a +0 flail
  8576 | D:7      | Identified a +0 leather armour
  8576 | D:7      | Identified a +0 dagger
  8576 | D:7      | Identified a +0 leather armour
  8577 | D:7      | Reached skill level 1 in Hexes
  8800 | D:7      | Identified a +0 flail
  8800 | D:7      | Identified a +0 chain mail
  8800 | D:7      | HP: 12/60 [acid (8)]
  8803 | D:7      | Splashed by a jelly's acid

Table legend:
 A = Turns spent in this place as a percentage of turns spent in the entire game.
 B = Non-inter-level travel turns spent in this place as a percentage of non-inter-level travel turns spent in the entire game.
 C = Inter-level travel turns spent in this place as a percentage of turns spent in this place.
 D = Turns resting spent in this place as a percentage of non-inter-level travel turns spent in this place.
 E = Turns spent auto-exploring this place as a percentage of non-inter-level travel turns spent in this place.
 F = Non-inter-level travel turns spent in this place divided by the number of levels of this place that you've seen.
                   A       B       C       D       E      F
               +-------+-------+-------+-------+-------+----------------------
         Total | 100.0 | 100.0 |   1.9 |  43.9 |  37.2 | 1233.9
       Dungeon | 100.0 | 100.0 |   1.9 |  43.9 |  37.2 | 1233.9
               +-------+-------+-------+-------+-------+----------------------

Table legend:
 A = Kills in this place as a percentage of kills in entire the game.
 B = Kills by you in this place as a percentage of kills by you in the entire game.
 C = Kills by friends in this place as a percentage of kills by friends in the entire game.
 D = Other kills in this place as a percentage of other kills in the entire game.
 E = Experience gained in this place as a percentage of experience gained in the entire game.
 F = Experience gained in this place divided by the number of levels of this place that you have seen.
                   A       B       C       D       E      F
               +-------+-------+-------+-------+-------+----------------------
         Total | 100.0 | 100.0 |   N/A |   N/A | 100.0 | 422.1
       Dungeon | 100.0 | 100.0 |   N/A |   N/A | 100.0 | 422.1
               +-------+-------+-------+-------+-------+----------------------

Skill      XL: |  1  2  3  4  5  6  7  8  9 |
---------------+----------------------------+-----
Transmutations | 2 3 4 5 6 |  6.5
Dodging        | 3 4 6 |  6.4
Fighting       | 1 2 3 |  3.5
Poison Magic   | 4 5 6 |  6.2
Short Blades   | 1 2 3 |  3.5
Stealth        | 3 4 |  4.6
Spellcasting   | 3 4 |  4.8
Air Magic      | 1 2 |  2.5
Hexes          | 1 |  1.1

Action                   |  1- 3 |  4- 6 |  7- 9 || total
-------------------------+-------+-------+-------++-------
Melee: Unarmed           |     2 |       |       ||     2
       Dagger            |    18 |   125 |   203 ||   346
       Rapier            |       |       |    51 ||    51
Throw: Dart              |       |     4 |    66 ||    70
 Cast: Sting             |    31 |    36 |    63 ||   130
       Poisonous Vapours |       |     7 |     9 ||    16
       Mephitic Cloud    |       |       |     2 ||     2
  Use: Potion            |       |     7 |     2 ||     9
       Scroll            |       |       |     5 ||     5
 Stab: Sleeping          |     4 |     5 |     7 ||    16
  Eat: Chunk             |     1 |     4 |    11 ||    16
       Ration            |       |     2 |     1 ||     3
Armor: Robe              |     7 |    23 |    47 ||    77
       Skin              |       |     4 |       ||     4
Dodge: Dodged            |    39 |    87 |   208 ||   334

Vanquished Creatures
  Eustachio (D:5)
  Edmund (D:4)
  A water moccasin (D:4)
  2 ice beasts
  A necrophage (D:5)
  A centaur (D:6)
  2 ogres
  A big kobold (D:7)
  2 bullfrogs
  Blork the orc (D:5)
  3 killer bees (D:7)
  A scorpion (D:4)
  2 howler monkeys
  2 crimson imps
  An orc priest (D:6)
  A jelly (D:5)
  A bullfrog skeleton (D:6)
  A gnoll shaman (D:5)
  2 orc wizards (D:6)
  A centaur skeleton (D:5)
  An iguana (D:4)
  Crazy Yiuf (D:3)
  4 worker ants
  A hound skeleton (D:5)
  4 gnolls
  6 adders
  2 shadow imps
  3 worms
  3 dart slugs
  3 leopard geckos
  13 orcs
  3 ball pythons
  10 bats
  9 giant cockroaches
  9 goblins
  3 hobgoblins
  9 jackals
  4 quokkas
  5 frilled lizards
  9 kobolds
  A leopard gecko skeleton (D:6)
  A quokka skeleton (D:5)
  9 rats
141 creatures vanquished.
